 Dungeon Crawl Stone Soup version 0.28.0-43-g3370ac3207 (webtiles) character file.

Game seed: 5642967466291340015

242 uselesstheremin the Cudgeller (level 5, -1/48 HPs)
             Began as a Minotaur Berserker on Mar 2, 2022.
             Was a Believer of Trog.
             Slain by Grinder (3 damage)
             ... on level 3 of the Dungeon.
             The game lasted 00:16:38 (2206 turns).

uselesstheremin the Cudgeller (Minotaur Berserker)  Turns: 2206, Time: 00:16:39

Health: -1/48      AC:  0    Str: 24    XL:     5   Next: 82%
Magic:  4/4        EV: 14    Int:  4    God:    Trog [**....]
Gold:   143        SH:  0    Dex:  9    Spells: 4/4 levels left

rFire   . . .      SeeInvis .   (weapon currently unavailable)
rCold   . . .      Faith    .   (shield currently unavailable)
rNeg    . . .      Spirit   .   (armour currently unavailable)
rPois   .          Reflect  .   (helmet currently unavailable)
rElec   .          Harm     .   (cloak currently unavailable)
rCorr   .          Rampage  .   (gloves currently unavailable)
Will    ++...                   (boots currently unavailable)
Stlth   +.........              (no amulet)
HPRegen 1.16/turn               (ring currently unavailable)
MPRegen 0.09/turn               (ring currently unavailable)

@: pig-form, strong-willed, regenerating, very quick
A: fast, no casting, small, (horns 2), (retaliatory headbutt)
a: Renounce Religion, Berserk, Trog's Hand


You were on level 3 of the Dungeon.
You worshipped Trog.
Trog was pleased with you.
You were a filthy swine.
You visited 1 branch of the dungeon, and saw 3 of its levels.

You collected 143 gold pieces.

Inventory:

Hand Weapons
 a - a +0 mace
 j - a +0 scythe
 m - a +0 flail (melded)
Armour
 k - a +3 leather armour of cold resistance (melded)
 n - a +2 leather armour of fire resistance
Jewellery
 e - a ring of flight
Scrolls
 b - 2 scrolls of enchant armour {unknown}
 d - a scroll of immolation {unknown}
 h - 2 scrolls of identify {unknown}
 i - 2 scrolls of teleportation {unknown}
 l - 2 scrolls of vulnerability {unknown}
Potions
 c - a potion of attraction {unknown}
 f - a potion of mutation {unknown}
 g - a potion of lignification {unknown}


   Skills:
 + Level 5.1 Fighting
 + Level 5.8 Maces & Flails
 + Level 4.2 Armour
 + Level 2.8 Dodging


You had 4 spell levels left.
You didn't know any spells.
Your spell library was empty.

Dungeon Overview and Level Annotations

Branches:
Dungeon (3/15)

Altars:

Annotations:
D:3 Grinder, Ijyb


Innate Abilities, Weirdness & Mutations

You are a filthy swine.
You move quickly.
Your equipment is almost entirely melded.
You are incapable of wielding weapons or throwing items.
You cannot cast spells.
((You have a pair of horns on your head.))
((You reflexively headbutt those who attack you in melee.))


Message History

Ijyb is heavily wounded.
Ijyb hits you with a +0 dagger. Grinder gestures at you.
Pain shoots through your body!
You barely miss Ijyb.
Ijyb is heavily wounded.
Ijyb hits you with a +0 dagger. The hobgoblin hits you.
You hit Grinder.
Grinder is lightly wounded.
Grinder misses you.
Ijyb screams, "Me very upset!"
Ijyb barely misses you.
You closely miss Grinder.
Grinder is lightly wounded.
The hobgoblin closely misses you.
You hit Ijyb.
Ijyb is heavily wounded.
Grinder closely misses you. Ijyb hits you with a +0 dagger.
The hobgoblin hits you.
You are too injured to fight recklessly!
Grinder gestures at you. You resist with significant effort.
The hobgoblin misses you.
You closely miss Grinder.
Grinder is lightly wounded.
Grinder closely misses you.
Your skin crawls.
You feel strong-willed. Ijyb hits you with a +0 dagger.
The hobgoblin barely misses you. Grinder hits you!
* * * LOW HITPOINT WARNING * * *
You writhe in agony.
* * * LOW HITPOINT WARNING * * *
You barely miss Grinder.
Grinder is lightly wounded.
You hit Grinder but do no damage.
Grinder is lightly wounded.
Ijyb hits you with a +0 dagger.
* * * LOW HITPOINT WARNING * * *
The hobgoblin misses you. Grinder hits you.
You die...

.... #.# ##..
....# #>#
#... ....#
##.# #...
....######..#
#...
#..#.....##
##..
#.......# ##.
###..###.###
##..
######g..##
#...#####..#
#.....5h..#
###..##...##
#.....g...#
##....###
#.........#
######
#.........#
#...?.....#
#..!........
#.........###
#.........#


You could see Grinder, Ijyb and a hobgoblin.

Vanquished Creatures
  Sigmund (D:2)
  A gnoll (D:1)
  8 orcs (D:3)
  3 ball pythons
  2 bats
  5 endoplasms
  A giant cockroach (D:1)
  A goblin (D:3)
  6 hobgoblins
  7 jackals
  2 kobolds (D:1)
  3 quokkas
  4 frilled lizards
  3 rats (D:1)
47 creatures vanquished.

Notes
Turn   | Place    | Note
-------+----------+-------------------------------------------
     0 | D:1      | uselesstheremin the Minotaur Berserker began the quest for
                  | the Orb.
     0 | D:1      | Reached XP level 1. HP: 19/19 MP: 0/0
   228 | D:1      | Reached XP level 2. HP: 22/27 MP: 1/1
   453 | D:1      | Reached XP level 3. HP: 23/33 MP: 2/2
  1147 | D:2      | Noticed Sigmund
  1180 | D:2      | Killed Sigmund
  1181 | D:2      | Reached skill level 5 in Fighting
  1181 | D:2      | Reached skill level 5 in Maces & Flails
  1181 | D:2      | Reached XP level 4. HP: 3/42 MP: 3/3
  1181 | D:2      | Reached XP level 5. HP: 4/48 MP: 4/4
  2042 | D:3      | Reached ** piety under Trog
  2192 | D:3      | Noticed Grinder
  2192 | D:3      | Noticed Ijyb
  2206 | D:3      | HP: 2/48 [Ijyb/+0 dagger (4)]
  2206 | D:3      | Slain by Grinder

Illustrated notes

Levels and vault maps discovered:
D:1:      wander_arrival_desolate, layout_basic
D:2:      layout_basic, minmay_misc_feat_hallway, uniq_sigmund
D:3:      layout_rooms, kennysheep_generic_room_15, uniq_grinder, uniq_ijyb

Skill      XL: |  1  2  3 |
---------------+----------+-----
Maces & Flails | 4 5 |  5.8
Fighting       | 4 5 |  5.1
Armour         | 4 |  4.2
Dodging        | |  2.8

Action                   |  1- 3 |  4- 6 || total
-------------------------+-------+-------++-------
Melee: Mace              |    54 |    50 ||   104
       Headbutt          |     4 |     7 ||    11
       Punch             |     1 |       ||     1
       Unarmed           |       |     8 ||     8
       Flail             |       |     3 ||     3
Invok: Berserk           |     1 |     1 ||     2
       Trog's Hand       |       |     1 ||     1
Armor: Ring mail         |    18 |       ||    18
       Chain mail        |     5 |     3 ||     8
       Leather armour    |       |    13 ||    13
Dodge: Dodged            |    26 |    49 ||    75
